[Event "Early-Titled-Tuesday-Blitz-February-27-2024"]
[Site "Chess.com"]
[Date "2024.02.27"]
[Round "2"]
[White "maximnovik"]
[Black "Zohid6"]
[Result "1-0"]
[WhiteElo "2607"]
[BlackElo "2854"]
[TimeControl "180+1"]
[EndTime "8:17:00 PST"]
[Termination "maximnovik won on time"]

1. e4 e5 2. Nf3 Nf6 3. Nxe5 d6 4. Nf3 Nxe4 5. d3 Nf6 6. d4 g6 7. h3 Bg7 8. Bd3 O-O 9. O-O c5 10. c3 Nc6 11. dxc5 dxc5 12. Be3 b6 13. Na3 Re8 14. Bb5 Qc7 15. Bf4 Qd7 16. Ne5 Nxe5 17.
Bxd7 Nexd7 18. Nb5 Ba6 19. Qa4 Bxb5 20. Qxb5 Re4 21.
Bg3 h5 22. Rfe1 Rae8 23. Rxe4 Rxe4 24. Rd1 Nf8 25. Bb8 Ne6 26. Bxa7 Nf4 27. Bxb6 Re2 28. Bxc5 Ne4 29. Be3 1-0

[Event "Early-Titled-Tuesday-Blitz-February-27-2024"]
[Site "Chess.com"]
[Date "2024.02.27"]
[Round "2"]
[White "Fdpo95"]
[Black "VladimirBugayev"]
[Result "1-0"]
[WhiteElo "2509"]
[BlackElo "2228"]
[TimeControl "180+1"]
[EndTime "8:17:00 PST"]
[Termination "Fdpo95 won on time"]

1. e4 c6 2. d4 d5 3. Nd2 dxe4 4. Nxe4 Nf6 5. Nxf6+ exf6 6. c3 Bd6 7. Bd3 O-O 8.
Ne2 Nd7 9. Qc2 h5 10. O-O h4 11. Bf4 Nb6 12. Rad1 Nd5 13. Bxd6 Qxd6 14. c4 Nb4 15.
Bh7+ Kh8 16. Qb1 Nxa2 17. Qe4 g5 18. Bf5 Bxf5 19. Qxf5 Qe6 20. Qf3 Nb4 21. Nc3 Rfe8 22. h3 Rad8 23. Rd2 Kg7 24. Rfd1 Qxc4 25. Ne4 Nd5 26. Qf5 Rxe4 27. Qxe4 Rd7 28. g3 hxg3 29.
fxg3 Re7 30. Qf3 Re3 31. Qf2 Qb3 32. Kh2 Re6 33. Rd3 Qb5 34. R1d2 Qb6 35. h4 gxh4 36.
gxh4 Qc7+ 37. Rg3+ Kf8 38. Kg1 Re4 39. Qg2 Qf4 40.
Re2 Rxe2 41. Rg8+ Ke7 42. Qxe2+ Kd6 43. Qh2 Qxh2+ 44. Kxh2 Ne3 45. h5 Nf5 46. Rh8 Kd5 47. h6 Kxd4 48. h7 1-0

[Event "Early-Titled-Tuesday-Blitz-February-27-2024"]
[Site "Chess.com"]
[Date "2024.02.27"]
[Round "2"]
[White "Kopytkin"]
[Black "KarolKacprzak"]
[Result "0-1"]
[WhiteElo "2456"]
[BlackElo "2731"]
[TimeControl "180+1"]
[EndTime "8:17:01 PST"]
[Termination "KarolKacprzak won on time"]

1. d4 Nf6 2. Bg5 d5 3. e3 e6 4. Nd2 c5 5. c3 Nbd7 6. f4 h6 7. Bxf6 Nxf6 8. Ngf3 Bd6 9. Bd3 cxd4 10. cxd4 Qb6 11. Rb1 Bd7 12. Qe2 a6 13. O-O Bb5 14. Rfc1 O-O 15. Ne5 Rfc8 16. Bxb5 Qxb5 17. Qxb5 axb5 18.
Rxc8+ Rxc8 19. Kf1 Rc2 20. Ke1 Bb4 21. Nd3 Rxd2 22.
Nxb4 Rxg2 23. Rc1 Rxb2 24. a3 Rb3 25. Ke2 Rxa3 26. Rc8+ Kh7 27. Rc7 Ng4 28. Nd3 f6 29.
Rxb7 Ra2+ 30. Kf3 Nxh2+ 31. Kg3 Nf1+ 32. Kf3 Nd2+ 33. Kg4 Nc4 0-1

[Event "Early-Titled-Tuesday-Blitz-February-27-2024"]
[Site "Chess.com"]
[Date "2024.02.27"]
[Round "2"]
[White "Mesa_1"]
[Black "WiktoriaPOL"]
[Result "1-0"]
[WhiteElo "2518"]
[BlackElo "2266"]
[TimeControl "180+1"]
[EndTime "8:17:01 PST"]
[Termination "Mesa_1 won by checkmate"]

1. e4 c5 2. Nc3 Nc6 3. Bb5 Nd4 4. Nf3 Nxb5 5. Nxb5 a6 6. Nc3 g6 7. d4 cxd4 8. Qxd4 Nf6 9. e5 Nh5 10. Bg5 Ng7 11. Nd5 Ne6 12. Qc3 h6 13. Be3 d6 14.
Nd4 Nc5 15. b4 Na4 16. Qb3 Bd7 17. exd6 exd6 18. b5 Nc5 19. Qc3 Bg7 20. bxa6 bxa6 21. O-O O-O 22. Qd2 Ne4 23. Qd3 Nc5 24. Qd1 Ne6 25.
Re1 Nxd4 26. Bxd4 Be6 27. Bxg7 Kxg7 28. Qd4+ Kg8 29. Nf6+ Kh8 30. Nh5+ f6 31. Rxe6 gxh5 32. Rae1 Rf7 33. Qd5 Qf8 34. Qxh5 Kh7 35. Qf5+ Kg7 36. h4 Rb8 37. R1e3 Rb6 38. Rg3+ Kh8 39. Qg6 Rb5 40.
Re8 Qxe8 41. Qxh6+ Rh7 42. Qxf6+ Rg7 43. Qxg7# 1-0

[Event "Early-Titled-Tuesday-Blitz-February-27-2024"]
[Site "Chess.com"]
[Date "2024.02.27"]
[Round "2"]
[White "Evgeny81"]
[Black "Kleyton_Lima"]
[Result "1-0"]
[WhiteElo "2765"]
[BlackElo "2540"]
[TimeControl "180+1"]
[EndTime "8:17:02 PST"]
[Termination "Evgeny81 won by checkmate"]

1. c4 e5 2. g3 Nc6 3. Bg2 g6 4. Nc3 Bg7 5. Nf3 d6 6. O-O Nge7 7. d3 O-O 8. Rb1 a5 9. a3 Nd4 10. Nxd4 exd4 11. Ne4 d5 12. Nd2 dxc4 13. Nxc4 c6 14. Bf4 Be6 15. Qc1 Bd5 16. Bh6 Bxg2 17. Kxg2 Re8 18.
Bxg7 Kxg7 19. Qf4 Nd5 20. Qxd4+ Kg8 21. e3 h5 22. h4 Nf6 23. Qxd8 Rexd8 24. d4 Ne4 25.
Rfd1 b5 26. Ne5 Rd6 27. Rbc1 Rc8 28. f3 Nf6 29. Rc5 Nd5 30. Kf2 Kg7 31. Rdc1 Ne7 32. b3 f6 33. Nd3 Nd5 34. Rxb5 Nxe3 35. Rb7+ Kh6 36. Kxe3 Re8+ 37. Kf2 Rxd4 38. Rc3 Red8 39. Nf4 Rd2+ 40. Ne2 Re8 41. Re3 Rxe3 42. Kxe3 Ra2 43.
b4 g5 44. hxg5+ Kxg5 45. bxa5 Rxa3+ 46. Ke4 Ra4+ 47. Ke3 Rxa5 48. Rg7+ Kh6 49. Rc7 Rc5 50. Nd4 Re5+ 51. Kf4 c5 52. Nf5+ Kg6 53. Rg7# 1-0

[Event "Early-Titled-Tuesday-Blitz-February-27-2024"]
[Site "Chess.com"]
[Date "2024.02.27"]
[Round "2"]
[White "Preobrazhenska_D2011"]
[Black "hurricane7791"]
[Result "0-1"]
[WhiteElo "2428"]
[BlackElo "2724"]
[TimeControl "180+1"]
[EndTime "8:17:02 PST"]
[Termination "hurricane7791 won by resignation"]

1. e4 c5 2. Nf3 d6 3. d4 cxd4 4. Nxd4 Nf6 5. Nc3 a6 6. Bg5 Nbd7 7. Bc4 Qb6 8. O-O Qxb2 9. Qd2 Qb4 10. Bb3 e6 11. Kh1 Be7 12. Rfe1 Nc5 13. Rab1 Qa5 14. f4 h6 15. Bxf6 Bxf6 16. f5 O-O 17. Qe3 Bd7 18.
Bc4 Rac8 19. fxe6 Nxe6 20. Nxe6 fxe6 21. Rxb7 Rxc4 22. Rxd7 Rxc3 23. Qd2 Be5 24. g3 Qc5 25. Qe2 Rxc2 26. Qg4 Qc4 27. Rg1 Re2 28. h3 Qxe4+ 29.
Qxe4 Rxe4 30. Rg2 h5 31. Kh2 h4 32. Kg1 Re1+ 33. Kh2 hxg3+ 0-1

[Event "Early-Titled-Tuesday-Blitz-February-27-2024"]
[Site "Chess.com"]
[Date "2024.02.27"]
[Round "2"]
[White "Boorchess"]
[Black "falzehope0"]
[Result "1-0"]
[WhiteElo "2568"]
[BlackElo "2348"]
[TimeControl "180+1"]
[EndTime "8:17:02 PST"]
[Termination "Boorchess won by resignation"]

1. d4 e6 2. c4 d5 3. Nf3 c6 4.
Qc2 f5 5. Bf4 Ne7 6. Nc3 Ng6 7.
Bg5 Be7 8. h4 O-O 9. e3 Nd7 10.
Bd3 Nf6 11. h5 Nh8 12. Bxf6 Bxf6 13. g4 Nf7 14. gxf5 exf5 15. cxd5 cxd5 16. Bxf5 Bxf5 17.
Qxf5 Rc8 18. Qxd5 Qe7 19. Qb3 Kh8 20. O-O-O Nd6 21. Kb1 Ne4 22. Nd5 Qd7 23. Nf4 Rf7 24. Ng6+ Kg8 25. Nfe5 Bxe5 26. Nxe5 Qf5 27. Qxf7+ Qxf7 28. Nxf7 Kxf7 29. Rc1 Rb8 30. Rh2 g5 31. hxg6+ hxg6 32. f3 Ng5 33. Rf1 Kf6 34. Kc2 Rc8+ 35. Kd3 b5 36. f4 Nf7 37. Rg1 Rg8 38. Rhg2 Nd6 39. e4 Ne8 40. f5 g5 41. Rf2 Nc7 42. e5+ Kf7 43. Ke4 g4 44. Rfg2 g3 45. Rxg3 Rxg3 46. Rxg3 b4 47. d5 Nb5 48. e6+ Kf6 49. Rg6+ Ke7 50.
Rg7+ Kf8 51. Rf7+ Ke8 52. Ke5 b3 53. axb3 a5 54. f6 a4 55. Rb7 Kd8 56. Rxb5 axb3 57. Rc5 1-0

[Event "Early-Titled-Tuesday-Blitz-February-27-2024"]
[Site "Chess.com"]
[Date "2024.02.27"]
[Round "2"]
[White "chess_blitz00"]
[Black "Barbix1"]
[Result "1-0"]
[WhiteElo "2523"]
[BlackElo "2276"]
[TimeControl "180+1"]
[EndTime "8:17:02 PST"]
[Termination "chess_blitz00 won on time"]

1. c3 Nf6 2. g3 d5 3. Bg2 g6 4. d3 Bg7 5. Nd2 O-O 6. e4 e5 7.
Qb3 c6 8. Ngf3 Nbd7 9. O-O Re8 10. a4 dxe4 11. dxe4 Nc5 12. Qc2 Qd3 13. Ne1 Qxc2 14. Nxc2 Be6 15. Ne3 Rad8 16. Nec4 Bxc4 17. Nxc4 Ncxe4 18.
Be3 b6 19. Rfd1 Nc5 20. Bxc5 bxc5 21. Bxc6 Rxd1+ 22. Rxd1 Rb8 23. a5 Kf8 24. a6 Ke7 25. Bb7 Nd7 26. Na5 Ke6 27. Nc6 Re8 28. Nxa7 f5 29.
Rxd7 Kxd7 30. Bc6+ Kc7 31. Bxe8 Kb6 32. Nc6 Kxa6 33.
Ne7 Ka5 34. Nd5 1-0

[Event "Early-Titled-Tuesday-Blitz-February-27-2024"]
[Site "Chess.com"]
[Date "2024.02.27"]
[Round "2"]
[White "viktorgen2021"]
[Black "IngOscarArdila"]
[Result "0-1"]
[WhiteElo "2505"]
[BlackElo "2290"]
[TimeControl "180+1"]
[EndTime "8:17:02 PST"]
[Termination "IngOscarArdila won by resignation"]

1. d4 Nf6 2. Nf3 g6 3. g3 Bg7 4. Bg2 O-O 5. O-O d6 6. a4 a5 7. Nc3 Nbd7 8. h3 c6 9. e4 e5 10. Re1 Qc7 11. Be3 Re8 12. dxe5 Nxe5 13. Nxe5 dxe5 14.
Qe2 Be6 15. Rad1 Rad8 16. Kh2 Rxd1 17. Rxd1 Rd8 18. Rxd8+ Qxd8 19. f4 exf4 20. gxf4 Nh5 21. e5 Qh4 22. Qf3 Qe1 23. Bf2 Qc1 24. Be3 Qxc2 25. Ne4 Bd5 26. Bb6 Qxb2 27. Bxa5 Qd4 28.
Bd8 Qxa4 29. Qe3 Qc2 30. Kg1 Qd1+ 31. Kh2 Bxe4 32. Qxe4 Qxd8 33. e6 fxe6 34. Qxe6+ Kh8 35. f5 Nf4 36. Qf7 Nxg2 37. fxg6 hxg6 38. Kxg2 Qd5+ 0-1

[Event "Early-Titled-Tuesday-Blitz-February-27-2024"]
[Site "Chess.com"]
[Date "2024.02.27"]
[Round "2"]
[White "GreenPeach24"]
[Black "aljado"]
[Result "1-0"]
[WhiteElo "2452"]
[BlackElo "2038"]
[TimeControl "180+1"]
[EndTime "8:17:04 PST"]
[Termination "GreenPeach24 won by checkmate"]

1. g3 Nf6 2. Bg2 g6 3. c4 Bg7 4. Nc3 O-O 5. e3 c6 6. Nge2 d5 7. b3 Bg4 8. Bb2 e6 9. d4 Bxe2 10. Qxe2 Nbd7 11. O-O Re8 12. Rad1 Qc7 13. Qc2 Rac8 14.
Rfe1 a6 15. Rc1 Qa5 16. a3 b5 17. b4 Qd8 18. c5 a5 19. Rcd1 e5 20. dxe5 Nxe5 21. e4 Nc4 22. exd5 Nxb2 23. Qxb2 Nxd5 24. Bxd5 cxd5 25. Qd2 axb4 26. axb4 Rxe1+ 27. Rxe1 d4 28. Nxb5 Rb8 29. Nd6 Qd7 30. b5 h5 31. Re4 Qc7 32. Qa2 d3 33. b6 Qxc5 34. Qxf7+ Kh7 35. Re7 Qc1+ 36. Kg2 Qc6+ 37. Ne4 Rg8 38. Kh3 Qc8+ 39.
Rd7 Qc6 40. Nf6+ Kh6 41. Nxg8+ Kg5 42. Qf4# 1-0

[Event "Early-Titled-Tuesday-Blitz-February-27-2024"]
[Site "Chess.com"]
[Date "2024.02.27"]
[Round "2"]
[White "JulbeNn"]
[Black "tsaruk_maks"]
[Result "1-0"]
[WhiteElo "2556"]
[BlackElo "2751"]
[TimeControl "180+1"]
[EndTime "8:17:05 PST"]
[Termination "JulbeNn won on time"]

1. e4 d5 2. Nc3 d4 3. Nce2 c5 4. Nf3 Nc6 5. Ng3 e6 6. Bb5 Bd7 7. O-O a6 8. Bxc6 Bxc6 9. Ne5 Bb5 10. d3 Bd6 11. f4 Ne7 12. a4 Bc6 13. Qg4 Bxe5 14. fxe5 Ng6 15. Nh5 Rg8 16. Bg5 Qc7 17.
Rf2 Qxe5 18. Raf1 f6 19. Nxg7+ Kd7 20. Bxf6 Qd6 21. Qh5 Rh8 22. Bg5 Bxa4 23. Rf7+ Kc6 24. b3 Bb5 25. R1f6 Ne5 26. Rxe6 Nxf7 27. Qxf7 Qxe6 28.
Qxe6+ Kc7 29. Bf4+ Kd8 30. Qd6+ 1-0

[Event "Early-Titled-Tuesday-Blitz-February-27-2024"]
[Site "Chess.com"]
[Date "2024.02.27"]
[Round "2"]
[White "TregubovP"]
[Black "annamaja"]
[Result "1-0"]
[WhiteElo "2687"]
[BlackElo "2404"]
[TimeControl "180+1"]
[EndTime "8:17:06 PST"]
[Termination "TregubovP won by resignation"]

1. e4 e6 2. d4 d5 3. e5 c5 4. c3 Bd7 5. Nf3 Qb6 6. Be2 Bb5 7. dxc5 Bxc5 8. b4 Bxe2 9. Qxe2 Bf8 10. O-O Nd7 11.
Be3 Qc7 12. Na3 a6 13. Rac1 b5 14. Bd4 Ne7 15. Nc2 Ng6 16. a4 Qc4 17. Qe3 Be7 18. Na3 Qb3 19. Ra1 Qxa4 20. Qd2 a5 21. Rfb1 axb4 22. Nc2 b3 23. Rxa4 bxa4 24. Ne3 O-O 25. g3 Rfb8 26. c4 a3 27. cxd5 Bb4 28. Qd1 b2 29. Bxb2 axb2 30. Rxb2 Ndxe5 31. Nxe5 Nxe5 32. dxe6 fxe6 33. Qb3 Ra1+ 34. Kg2 Bd6 35. Qxe6+ 1-0

[Event "Early-Titled-Tuesday-Blitz-February-27-2024"]
[Site "Chess.com"]
[Date "2024.02.27"]
[Round "2"]
[White "novocane"]
[Black "angelgab3"]
[Result "1-0"]
[WhiteElo "2454"]
[BlackElo "2693"]
[TimeControl "180+1"]
[EndTime "8:17:06 PST"]
[Termination "novocane won by resignation"]

1. d4 Nf6 2. c4 e6 3. Nc3 d5 4. cxd5 exd5 5. Bg5 c6 6. Qc2 h6 7. Bh4 Be7 8. e3 O-O 9. Bd3 Re8 10. Nf3 Ne4 11.
Bxe4 Bxh4 12. Bh7+ Kh8 13. Bf5 Bxf5 14. Qxf5 Rxe3+ 15. Kf1 Re8 16. Qxf7 Rf8 17. Ne5 Kh7 18. Qg6+ Kg8 19.
Qe6+ Kh7 20. Qg6+ Kh8 21. Nf7+ Rxf7 22. Qxf7 Bf6 23. Qxb7 Nd7 24. Qxc6 Nb6 25. Re1 Rc8 26. Qe6 Bxd4 27. g3 Nc4 28. Qxd5 Qb6 29. Qe6 Qb7 30. Qd5 Qb6 31. Qe6 Qc5 32. Ne4 Qb5 33. Qxc8+ Kh7 34. Kg2 Qd5 35. Qe8 Nd6 36. Qe7 Bf6 37. Qxd6 1-0

[Event "Early-Titled-Tuesday-Blitz-February-27-2024"]
[Site "Chess.com"]
[Date "2024.02.27"]
[Round "2"]
[White "ArmanGhevondyanchess"]
[Black "Kostukov_Alex"]
[Result "1/2-1/2"]
[WhiteElo "2583"]
[BlackElo "2368"]
[TimeControl "180+1"]
[EndTime "8:17:06 PST"]
[Termination "Game drawn by repetition"]

1. Nf3 g6 2. d4 Bg7 3. g3 d6 4.
Bg2 e5 5. dxe5 dxe5 6. Qxd8+ Kxd8 7. O-O f6 8. Nc3 c6 9. Rd1+ Kc7 10. Be3 Na6 11.
Rd2 Bh6 12. Bxh6 Nxh6 13. Rad1 Be6 14. a3 Rad8 15. Ne4 Rxd2 16. Rxd2 Rf8 17. Nc3 Nf7 18.
h4 Nd6 19. b3 Nc5 20. Ne1 Bf5 21. b4 Nce4 22. Nxe4 Nxe4 23. Bxe4 Bxe4 24. f3 Bd5 25. e4 Bc4 26. Kf2 a5 27. Nd3 Bxd3 28. Rxd3 axb4 29. axb4 Ra8 30. Ke3 Ra1 31. Rd2 Rb1 32. c3 Rc1 33. Kd3 Rg1 34. g4 Rh1 35. h5 gxh5 36. gxh5 Rxh5 37. Rg2 Rh6 38. Rg7+ Kb6 39. c4 Ka6 40. Rg8 Kb6 41. Rg7 Rh3 42. Ke3 Rh1 43. Rf7 Rb1 44.
b5 Rb3+ 45. Kf2 cxb5 46. Rxf6+ Kc5 47. cxb5 Rxb5 48. Rf7 Rb1 49. Rxh7 b5 50. Re7 Kd6 51. Rb7 Kc6 52. Rb8 Kc7 53. Re8 Kd6 54. Rb8 Kc7 55. Re8 Kd6 56. Kg3 Rg1+ 57. Kf2 Rg7 58. Rb8 Kc5 59. Ke3 Re7 60. f4 exf4+ 61. Kxf4 Kc4 62. e5 b4 63. Rc8+ Kd4 64. Rd8+ Kc4 65. Kf5 b3 66. Rb8 Kc3 67. Kf6 Rxe5 68. Kxe5 b2 69. Ke4 Kc2 70.
Rc8+ Kd2 71. Rd8+ Kc2 72. Rc8+ Kd2 73. Rd8+ Kc2 74. Rc8+ 1/2-1/2

[Event "Early-Titled-Tuesday-Blitz-February-27-2024"]
[Site "Chess.com"]
[Date "2024.02.27"]
[Round "2"]
[White "newauto"]
[Black "zsizsi99"]
[Result "1-0"]
[WhiteElo "2227"]
[BlackElo "2460"]
[TimeControl "180+1"]
[EndTime "8:17:06 PST"]
[Termination "newauto won on time"]

1. d4 Nf6 2. Nf3 e6 3. Bg5 c5 4. e3 b6 5. Nbd2 Bb7 6. Bd3 h6 7. Bh4 Be7 8. O-O O-O 9. Re1 Nc6 10. c3 d5 11. Ne5 Nd7 12. Bg3 f5 13. Ng6 Rf7 14.
Nxe7+ Qxe7 15. Nf3 e5 16. dxe5 Ncxe5 17. Nxe5 Nxe5 18.
Bc2 Rd8 19. Qh5 Qe6 20. Rad1 Qf6 21. e4 fxe4 22. Qxe5 Qxe5 23. Bxe5 Re7 24. Bg3 d4 25. Bb3+ Kf8 26. f4 Ree8 27. f5 b5 28. Be6 d3 29.
b3 g6 30. Bf4 gxf5 31. Bxh6+ Ke7 32. Bxf5 Kf6 33. Bg4 Kg6 34. Bf4 c4 35. bxc4 bxc4 36. h4 Bc6 37. h5+ Kg7 38. h6+ Kh8 39. Bg5 Rb8 40. Bf5 Ba4 41. Bf6+ Kg8 42. h7+ Kf7 43. h8=Q Rxh8 44. Bxh8 Rxh8 45. Rb1 d2 46. Rf1 e3 47. Bc2+ Kg7 48. Bxa4 e2 49. Bb5 Re8 50. Bxe8 1-0

[Event "Early-Titled-Tuesday-Blitz-February-27-2024"]
[Site "Chess.com"]
[Date "2024.02.27"]
[Round "2"]
[White "MatthewG-p4p"]
[Black "Roman_Ovetchkin"]
[Result "1-0"]
[WhiteElo "2894"]
[BlackElo "2597"]
[TimeControl "180+1"]
[EndTime "8:17:07 PST"]
[Termination "MatthewG-p4p won on time"]

1. e4 e5 2. Nf3 Nc6 3. d4 exd4 4.
c3 d5 5. exd5 Qxd5 6. cxd4 Bg4 7.
Be2 Bb4+ 8. Nc3 Bxf3 9. Bxf3 Qc4 10. Be2 Bxc3+ 11. bxc3 Qxc3+ 12. Bd2 Qxd4 13. Rb1 Rd8 14. Qc2 Nge7 15. Bc3 Qd5 16. O-O O-O 17. Bf3 Qc4 18. Qb2 Nf5 19. Rfc1 Nfd4 20. Bxd4 Qxd4 21. Qxb7 Ne5 22.
Be2 Nd3 23. Rf1 Nf4 24. Bf3 g6 25. Qxc7 Nd3 26. Rbd1 Rfe8 27. h3 Qb6 28. Qc3 Ne5 29. Be2 Qf6 30. Rxd8 Rxd8 31. Re1 1-0

[Event "Early-Titled-Tuesday-Blitz-February-27-2024"]
[Site "Chess.com"]
[Date "2024.02.27"]
[Round "2"]
[White "mjray79"]
[Black "TitarovVasiliYouTube"]
[Result "1-0"]
[WhiteElo "2756"]
[BlackElo "2521"]
[TimeControl "180+1"]
[EndTime "8:17:07 PST"]
[Termination "mjray79 won on time"]

1. e4 c5 2. c3 Nf6 3. e5 Nd5 4.
Nf3 d6 5. exd6 Qxd6 6. Na3 Nc6 7.
Be2 a6 8. d4 cxd4 9. Nxd4 e6 10. Nc4 Qc7 11. Nxc6 Qxc6 12. O-O Be7 13. Ne5 Qc7 14.
Qa4+ Bd7 15. Nxd7 Qxd7 16. Qxd7+ Kxd7 17. Rd1 Kc8 18. c4 Nb4 19. Bd2 Rd8 20. Bc3 f6 21. a3 Nc6 22. b4 e5 23. Bf3 Kc7 24. Bd5 Rd7 25. Rac1 Kb6 26. c5+ Kc7 27. Be6 Rxd1+ 28. Rxd1 Rd8 29. Rxd8 Kxd8 30. Kf1 Nd4 31. Bxd4 exd4 32.
Ke2 a5 33. Kd3 axb4 34. axb4 Kc7 35. Kxd4 b6 36. Kd5 bxc5 37. bxc5 Bf8 38. Bf5 h6 39. c6 Bd6 40. h3 Bb4 41. Be4 Be1 42.
f3 h5 43. Ke6 Bd2 44. Kf7 Bh6 45.
h4 Kd6 46. Kg6 Kc7 47. Kxh5 Bf4 48. Kg6 Bh6 49. g4 Kd6 50. g5 fxg5 51. hxg5 1-0

[Event "Early-Titled-Tuesday-Blitz-February-27-2024"]
[Site "Chess.com"]
[Date "2024.02.27"]
[Round "2"]
[White "Rdeux42"]
[Black "Beca95"]
[Result "0-1"]
[WhiteElo "2430"]
[BlackElo "2897"]
[TimeControl "180+1"]
[EndTime "8:17:07 PST"]
[Termination "Beca95 won by resignation"]

1. e4 e5 2. Nf3 Nc6 3. Bb5 Bc5 4.
O-O d6 5. c3 Bd7 6. d4 Bb6 7.
Be3 Nf6 8. Nbd2 Qe7 9. d5 Nb8 10. Qe2 Bxe3 11. Bxd7+ Nbxd7 12. Qxe3 g6 13. c4 a5 14. b3 Nh5 15. a3 f5 16. b4 b6 17.
Qg5 f4 18. Qxe7+ Kxe7 19. Nb3 Nhf6 20. Nfd2 a4 21. Nc1 g5 22. Nd3 g4 23. Rac1 f3 24. c5 bxc5 25. bxc5 fxg2 26. Kxg2 Nh5 27. cxd6+ cxd6 28. Rc7 Rhc8 29. Rfc1 Rxc7 30. Rxc7 Rb8 31. Nb4 Nf4+ 32.
Kf1 Rb5 33. Nc6+ Ke8 34. Nb4 Rc5 35. Rxc5 Nxc5 36. Ke1 h5 37. Kd1 h4 38. Kc2 Nh3 39. Nc4 Nxe4 40. Nd3 Ke7 41. f3 gxf3 0-1

[Event "Early-Titled-Tuesday-Blitz-February-27-2024"]
[Site "Chess.com"]
[Date "2024.02.27"]
[Round "2"]
[White "Defenstrator"]
[Black "hakanazeri2"]
[Result "1-0"]
[WhiteElo "2404"]
[BlackElo "2614"]
[TimeControl "180+1"]
[EndTime "8:17:07 PST"]
[Termination "Defenstrator won on time"]

1. Nf3 Nf6 2. Nc3 d5 3. d4 c5 4.
Bf4 a6 5. dxc5 Nc6 6. Na4 Bg4 7. Ne5 Nxe5 8. Bxe5 Nd7 9. Qxd5 e6 10. Qd4 Nxe5 11.
Qxe5 Qa5+ 12. Nc3 Qxc5 13. Qf4 Bf5 14. e4 Bg6 15. Bd3 Bd6 16. Qh4 Be5 17. O-O Bxc3 18. bxc3 Qxc3 19. Rab1 b5 20. f4 Qc5+ 21. Kh1 f6 22. f5 Bf7 23. e5 fxe5 24. fxe6 Bxe6 25. Qh5+ Ke7 26. Qg5+ Kd6 27. Rbd1 Raf8 28. Bf5+ Kc6 29. Bxe6 Rxf1+ 30. Rxf1 Kb6 31. Qxg7 Rd8 32. c4 Rd2 33. cxb5 axb5 34. Bb3 Qc6 35. Rf6 Rd6 36. Rf1 Rd2 37. Qg3 1-0

[Event "Early-Titled-Tuesday-Blitz-February-27-2024"]
[Site "Chess.com"]
[Date "2024.02.27"]
[Round "2"]
[White "ElVital"]
[Black "akinov-akinseye"]
[Result "0-1"]
[WhiteElo "2421"]
[BlackElo "1942"]
[TimeControl "180+1"]
[EndTime "8:17:07 PST"]
[Termination "akinov-akinseye won by resignation"]

1. d4 d5 2. Nc3 Nf6 3. Bf4 c6 4. e3 Bf5 5. f3 Nbd7 6. g4 Bg6 7. h4 h6 8. h5 Bh7 9. Bd3 Bxd3 10. cxd3 Qb6 11. Qd2 e6 12. Nge2 Bb4 13. a3 Bxc3 14. bxc3 Qa5 15. Kf2 b5 16. a4 bxa4 17. Qc2 a3 18. Ra2 O-O 19. Rha1 Rfe8 20. Rxa3 Qb6 21. Rb3 Qd8 22. Rb7 e5 23. dxe5 Nxe5 24.
Kg2 Qc8 25. Raxa7 Nfxg4 26. Nd4 c5 27. Nb5 Rxa7 28. Rxa7 Qf5 29. fxg4 Qxg4+ 30. Kf1 Qf3+ 31. Qf2 Qd1+ 32. Kg2 Nxd3 33. Qg3 Qe2+ 34. Kg1 Qd1+ 35. Kh2 Qxh5+ 36. Qh3 Qe2+ 37. Qg2 Qh5+ 38. Kg1 Nxf4 39. exf4 Re1+ 40. Kf2 Re2+ 41. Kf1 Rxg2 42. Kxg2 Qe2+ 43. Kg3 Qxb5 0-1

[Event "Early-Titled-Tuesday-Blitz-February-27-2024"]
[Site "Chess.com"]
[Date "2024.02.27"]
[Round "2"]
[White "KanalSzachowy"]
[Black "goodluck06"]
[Result "0-1"]
[WhiteElo "2461"]
[BlackElo "2732"]
[TimeControl "180+1"]
[EndTime "8:17:08 PST"]
[Termination "goodluck06 won by resignation"]

1. e4 c6 2. d4 d5 3. f3 dxe4 4. fxe4 e5 5. Nf3 Bg4 6. Bc4 Nd7 7. c3 Bd6 8. O-O Ngf6 9. Bg5 h6 10. Bh4 Qc7 11. Nbd2 g5 12. Bg3 Nh5 13. Bxe5 Nxe5 14. dxe5 Bc5+ 15. Kh1 O-O-O 16. Qe1 Nf4 17. b4 Bb6 18. a4 a5 19. Nb3 Bxf3 20. Rxf3 Qxe5 21. Rb1 g4 22. Rf1 Nd3 23. Bxd3 Rxd3 24. bxa5 Bc7 25. g3 h5 26. a6 h4 27. axb7+ Kb8 28. Nd4 Rxd4 29.
cxd4 Qxd4 30. gxh4 Qe5 31. Qf2 Qxe4+ 32. Qg2 Qg6 33.
Rfe1 f5 34. a5 Rxh4 35. Re8+ Qxe8 36. Qxc6 Qxc6+ 0-1

[Event "Early-Titled-Tuesday-Blitz-February-27-2024"]
[Site "Chess.com"]
[Date "2024.02.27"]
[Round "2"]
[White "mr_gustavo"]
[Black "ArchibaldCerveza29"]
[Result "1-0"]
[WhiteElo "2732"]
[BlackElo "2460"]
[TimeControl "180+1"]
[EndTime "8:17:08 PST"]
[Termination "mr_gustavo won by resignation"]

1. Nf3 d5 2. g3 Nf6 3. Bg2 e6 4. O-O Be7 5. b3 O-O 6. Bb2 c5 7. c4 d4 8. e3 Nc6 9. exd4 cxd4 10. d3 e5 11. Na3 Re8 12. Nc2 a5 13. a3 Qb6 14. Nd2 Bg4 15. Bf3 Bf5 16. Be2 Rad8 17. Rb1 Bf8 18. Ne1 Bh3 19. Ng2 e4 20. dxe4 d3 21.
Bf3 Bc5 22. Bxf6 gxf6 23. Nf4 Bxf1 24. Qxf1 Ne5 25. Nd5 Rxd5 26. cxd5 Be3 27. Nc4 Nxf3+ 28. Kg2 Qc5 29. Qxd3 Bxf2 30. Qxf3 Bd4 31. a4 Qe7 32. Re1 Kh8 33. d6 Qe6 34. Rd1 Be5 35. d7 Rd8 36. Qf5 Qxf5 37. exf5 Kg8 38. Nxe5 fxe5 39. f6 h6 40. Kf3 Kh7 41. Ke4 Kg6 42. Kxe5 Kg5 43. Rd4 h5 44. Kd6 Kxf6 45. Kc7 1-0

[Event "Early-Titled-Tuesday-Blitz-February-27-2024"]
[Site "Chess.com"]
[Date "2024.02.27"]
[Round "2"]
[White "Suleyman_Chess06"]
[Black "vladoboch"]
[Result "1-0"]
[WhiteElo "2724"]
[BlackElo "2432"]
[TimeControl "180+1"]
[EndTime "8:17:08 PST"]
[Termination "Suleyman_Chess06 won by resignation"]

1. Nf3 d5 2. g3 Bg4 3. Bg2 c6 4. O-O Nd7 5. h3 Bh5 6. d4 Ngf6 7. c4 e6 8. cxd5 exd5 9. Qb3 Qb6 10. Qe3+ Be7 11.
Nh4 Bg6 12. Nc3 Qd8 13. f4 O-O 14. f5 Bh5 15. g4 Bxg4 16. hxg4 Nxg4 17. Qg3 Bxh4 18.
Qxg4 Re8 19. Bh6 Bf6 20. e4 Bxd4+ 21. Kh1 Kh8 22. exd5 Bxc3 23. dxc6 gxh6 24. bxc3 Ne5 25. Qh3 bxc6 26. Qxh6 Rg8 27. Rad1 Qg5 28. Qxg5 Rxg5 29. f6 Rag8 30. Rd2 h6 31. Rf4 h5 32. Re2 Kh7 33.
Rfe4 Ng4 34. Re7 Kg6 35. Rxa7 Nxf6 36. Ra6 Rc5 37. Rxc6 Rxc6 38. Bxc6 Rc8 39. Rg2+ Ng4 40. Bd7 Rxc3 41. Bxg4 hxg4 42. Rxg4+ Kf5 43. Ra4 Rc2 44. Kg1 Ke5 45. Ra5+ Ke6 46. Ra6+ Ke5 47. Ra5+ Ke6 48. a4 f5 49. Ra8 f4 50. a5 Ra2 51. a6 f3 52. a7 Ke5 53. Re8+ Kf4 54. a8=Q Rxa8 55. Rxa8 Kg3 56. Ra2 1-0

[Event "Early-Titled-Tuesday-Blitz-February-27-2024"]
[Site "Chess.com"]
[Date "2024.02.27"]
[Round "2"]
[White "MikeSailer"]
[Black "SahibSinghKnight"]
[Result "0-1"]
[WhiteElo "2156"]
[BlackElo "2564"]
[TimeControl "180+1"]
[EndTime "8:17:08 PST"]
[Termination "SahibSinghKnight won on time"]

1. d4 d5 2. Bf4 Nf6 3. e3 e6 4. Nf3 c5 5. Nc3 a6 6. a4 Nc6 7. Be2 Bd6 8. Bg3 O-O 9. dxc5 Bxc5 10. O-O Bb4 11. Na2 Bd6 12. c4 Bxg3 13. hxg3 e5 14. cxd5 Nxd5 15. Qc2 Be6 16. Rfd1 Qe7 17. Rac1 Rac8 18.
Qb1 Rfd8 19. b4 f6 20. b5 axb5 21. axb5 Na5 22. Rxc8 Rxc8 23. Rc1 Rxc1+ 24. Nxc1 Nc3 25. Qc2 Qa3 26. Bf1 g6 27. Nd2 Bf5 28. e4 Be6 29.
Nb1 Nxb1 30. Qxb1 Qc3 31. Ne2 Qc5 32. Qb2 Nc4 33. Qb3 Kf7 34. Nc3 Nd2 35. Qb2 Qd4 36. Be2 Nxe4 0-1